 Dungeon Crawl Stone Soup version 0.30.1-4-g462c640d31 (webtiles) character file.

Game seed: 10580536477323266097

2905127 Amplified the Slayer (level 27, 179/270 HPs)
             Began as a Minotaur Reaver on Sept 15, 2023.
             Was the Champion of Dithmenos.
             Escaped with the Orb
             ... and 5 runes!
             The game lasted 02:26:46 (79754 turns).

Amplified the Slayer (Minotaur Reaver)             Turns: 79754, Time: 02:26:47

Health: 179/270    AC: 28    Str: 19    XL:     27
Magic:  33/33      EV: 28    Int: 13    God:    Dithmenos [******]
Gold:   3045       SH: 21    Dex: 28    Spells: 18/36 levels left

rFire   + . .        H - +9 eveningstar (spect)
rCold   + + +        v - +5 kite shield {rC+}
rNeg    + + +        Y - +8 ring mail of Truth {rN+ Will+ SInv}
rPois   +            n - +2 hood of the Assassin {Detect Stab+ Stlth++}
rElec   .            I - +2 cloak of the Thief {*Fog Slay-2 SInv Stlth+}
rCorr   +            o - +0 pair of gloves "Wuenuuch" {rPois}
SInv    +            O - +1 pair of boots {rampage}
Will    +++..        Q - amulet of Divine Intervention {RegenMP Rampage rC+ rCorr}
Stlth   ++++++++     W - ring "Irhytod" {rF+ rC+ Int+3 Dex+3 Stlth+}
HPRegen 0.65/turn    f - ring of Ypuimah {rN+++ rCorr Int-4 Dex+8 SInv}
MPRegen 0.63/turn

%: rampage
@: mighty, wreathed by umbra, silenced
A: horns 2, retaliatory headbutt, claws 1, poison resistance, teleportitis 1
0: Orb of Zot
}: 5/15 runes: decaying, slimy, silver, abyssal, gossamer
a: Renounce Religion


You escaped.
You worshipped Dithmenos.
Dithmenos was exalted by your worship.
You visited 12 branches of the dungeon, and saw 56 of its levels.
You visited the Abyss 1 time.
You visited 1 bazaar.
You visited 1 ziggurat, and saw 3 of its levels.
You also visited: Trove, Sewer, Ossuary, Gauntlet, Ice Cave and Wizlab.

You collected 8739 gold pieces.
You spent 5694 gold pieces at shops.

Inventory:

Hand Weapons
 H - a +9 spectral eveningstar (weapon)
Missiles
 N - a throwing net
Armour
 j - +0 storm dragon scales
 n - the +2 hood of the Assassin (worn) {Detect Stab+ Stlth++}
   (You found it in a sewer)

   Detect:    It allows the wearer to sense nearby creatures.
   Stab+:     It allows the wearer to make particularly effective stabbing
   attacks against helpless or unaware enemies with any weapon.
   Stlth:     It makes you much more stealthy.
 o - the +0 pair of gloves "Wuenuuch" (worn) {rPois}
   (You found it on level 3 of the Elven Halls)

   rPois:     It protects you from poison.
 r - the +1 cloak of Starlight {*Dazzle EV+4 Stlth--}
   (You found it in a wizard's laboratory)

   *Dazzle:   It may blind those who miss an attack against the wearer in melee
   combat.
   EV:        It affects your evasion (+4).
   Stlth:     It makes you much less stealthy.
 v - a +5 kite shield of cold resistance (worn)
 x - the +1 hat of the Several Tusks {rElec rF+ rC+ Str+3}
   (You acquired it on level 5 of the Dungeon)

   Str:       It affects your strength (+3).
   rF:        It protects you from fire.
   rC:        It protects you from cold.
   rElec:     It insulates you from electricity.
 D - +5 gold dragon scales
 E - a +2 tower shield of protection
 I - the +2 cloak of the Thief (worn) {*Fog Slay-2 SInv Stlth+}
   (You found it on level 3 of the Elven Halls)

   *Fog:      It may release a thick cloud of smoke when the wearer is hurt.
   Slay:      It affects your accuracy & damage with ranged weapons and melee
   (-2).
   SInv:      It lets you see invisible.
   Stlth:     It makes you more stealthy.
 O - a +1 pair of boots of rampaging (worn)
 P - the +5 ring mail "Osuv" {rF+ Dex+3}
   (You found it on level 3 of the Elven Halls)

   Dex:       It affects your dexterity (+3).
   rF:        It protects you from fire.
 Y - the +8 ring mail of Truth (worn) {rN+ Will+ SInv}
   (You found it on level 3 of the Spider Nest)

   rN:        It protects you from negative energy.
   SInv:      It lets you see invisible.
   Will:      It increases your willpower.
Jewellery
 b - the ring of Zin's Hope {rF+ Str+2 SInv}
   (You bought it in a shop in a bazaar)

   [ring of protection from fire]

   Str:       It affects your strength (+2).
   rF:        It protects you from fire.
   SInv:      It lets you see invisible.
 c - the ring of the Prince {rN++ Str+2 Int+6 Dex-3 Stlth+}
   (You found it in a treasure trove)

   [ring of intelligence]

   Str:       It affects your strength (+2).
   Int:       It affects your intelligence (+6).
   Dex:       It affects your dexterity (-3).
   rN:        It greatly protects you from negative energy.
   Stlth:     It makes you more stealthy.
 f - the ring of Ypuimah (right hand) {rN+++ rCorr Int-4 Dex+8 SInv}
   (You found it on level 2 of the Vaults)

   [ring of resist corrosion]

   Int:       It affects your intelligence (-4).
   Dex:       It affects your dexterity (+8).
   rN:        It renders you almost immune to negative energy.
   SInv:      It lets you see invisible.
   rCorr:     It protects you from acid and corrosion.
 q - the ring "Kofomp" {Will+ EV+5 Dex+3}
   (You took it off a vault guard on level 5 of the Vaults)

   [ring of evasion]

   EV:        It affects your evasion (+5).
   Dex:       It affects your dexterity (+3).
   Will:      It increases your willpower.
 M - the ring "Ynganweq" {rPois Will++ MP+9}
   (You found it in a Gauntlet)

   [ring of magical power]

   rPois:     It protects you from poison.
   MP:        It affects your magic capacity (+9).
   Will:      It greatly increases your willpower.
 Q - the amulet of Divine Intervention (around neck) {RegenMP Rampage rC+ rCorr}
   (You found it in a Gauntlet)

   [amulet of magic regeneration]

   It increases your rate of magic regeneration.
   rC:        It protects you from cold.
   rCorr:     It protects you from acid and corrosion.
   Rampage:   It bestows one free step when moving towards enemies.
 W - the ring "Irhytod" (left hand) {rF+ rC+ Int+3 Dex+3 Stlth+}
   (You took it off a deep elf sorcerer on level 5 of the Vaults)

   [ring of protection from cold]

   Int:       It affects your intelligence (+3).
   Dex:       It affects your dexterity (+3).
   rF:        It protects you from fire.
   rC:        It protects you from cold.
   Stlth:     It makes you more stealthy.
Wands
 k - a wand of roots (74)
 u - a wand of polymorph (11)
 B - a wand of quicksilver (39)
 C - a wand of digging (11)
 F - a wand of mindburst (24)
 X - a wand of paralysis (36)
Scrolls
 g - 12 scrolls of immolation
 t - 11 scrolls of amnesia
 y - 16 scrolls of teleportation
 J - a scroll of silence
 K - a scroll of magic mapping
 S - 7 scrolls of poison
 U - 6 scrolls of fear
Potions
 d - 8 potions of attraction
 e - 18 potions of curing
 h - a potion of resistance
 i - 2 potions of might
 l - 14 potions of brilliance
 m - 8 potions of magic
 s - 12 potions of flight
 w - 2 potions of heal wounds
 A - 2 potions of cancellation
 G - a potion of haste
 L - a potion of berserk rage
 R - 9 potions of ambrosia
Miscellaneous
 a - a phantom mirror
 z - a condenser vane


   Skills:
 * Level 26.4 Fighting
 - Level 5.5(12.8) Axes
 - Level 17.8(18.1) Maces & Flails
 * Level 19.7 Armour
 * Level 18.3 Dodging
 * Level 19.3 Stealth
 - Level 15.0 Shields
 - Level 5.1 Spellcasting
 - Level 2.1 Conjurations
 - Level 9.9 Summonings
 - Level 11.3 Necromancy
 - Level 10.2 Ice Magic
 - Level 14.7 Poison Magic
 - Level 15.9 Invocations


You had 18 spell levels left.
You knew the following spells:

 Your Spells              Type           Power      Damage    Failure   Level
a - Kiss of Death         Conj/Necr      80%        2d11      2%          1
b - Momentum Strike       Conj/Tloc      12%        3d8       36%         2
c - Passwall              Tmut/Erth      2%         N/A       52%         2
d - Frozen Ramparts       Ice            60%        1d10      1%          3
e - Agony                 Necr           32%        N/A       11%         5
f - Apportation           Tloc           6%         N/A       38%         1
g - Dispel Undead         Necr           32%        3d14      4%          4

Your spell library contained the following spells:

 Spells                   Type           Power      Damage    Failure   Level
 Necrotise                Necr           100%       1d9       1%          1
 Sting                    Tmut/Pois      88%        1d7       1%          1
 Call Imp                 Summ           58%        N/A       1%          2
 Cigotuvi's Dreadful Rot  Necr/Pois/Air  50%        N/A       1%          2
 Sublimation of Blood     Necr           32%        N/A       1%          2
 Call Canine Familiar     Summ           29%        N/A       1%          3
 Ozocubu's Armour         Ice            30%        N/A       1%          3
 Animate Dead             Necr           32%        N/A       4%          4
 Spider Form              Tmut/Pois      22%        N/A       6%          3
 Summon Ice Beast         Ice/Summ       29%        N/A       6%          4
 Ensorcelled Hibernation  Hex/Ice        32%        N/A       8%          2
 Hailstorm                Conj/Ice       19%        3d6       10%         3
 Mephitic Cloud           Conj/Pois/Air  18%        N/A       12%         3
 Ignite Poison            Fire/Tmut/Pois 16%        N/A       16%         3
 Summon Guardian Golem    Hex/Summ       16%        N/A       16%         3
 Magic Dart               Conj           36%        1d4       17%         1
 Foxfire                  Conj/Fire      24%        2x1d5     26%         1
 Shock                    Conj/Air       24%        1d4       26%         1
 Searing Ray              Conj           18%        2d5       26%         2
 Static Discharge         Conj/Air       12%        2-3/arc   36%         2
 Anguish                  Hex/Necr       9%         N/A       36%         4
 Beastly Appendage        Tmut           6%         N/A       38%         1
 Sandblast                Erth           6%         2d5       38%         1
 Animate Armour           Summ/Erth      32%        N/A       45%         4
 Ice Form                 Ice/Tmut       16%        N/A       45%         4
 Summon Lightning Spire   Summ/Air       16%        N/A       45%         4
 Alistair's Intoxication  Tmut/Pois      14%        N/A       47%         5
 Wereblood                Tmut           3%         N/A       52%         2
 Death Channel            Necr           16%        N/A       52%         6
 Simulacrum               Ice/Necr       15%        N/A       58%         6
 Dazzling Flash           Conj/Hex       12%        N/A       61%         3
 Stone Arrow              Conj/Erth      12%        3d7       61%         3
 Summon Cactus Giant      Summ           14%        N/A       71%         6
 Borgnjor's Vile Clutch   Necr/Erth      9%         N/A       73%         5
 Gell's Gravitas          Tloc           3%         N/A       77%         3
 Swiftness                Air            3%         N/A       77%         3
 Teleport Other           Tloc           3%         N/A       77%         3
 Tukima's Dance           Hex            3%         N/A       77%         3
 Vhi's Electric Charge    Tloc/Air       6%         N/A       77%         3
 Volatile Blastmotes      Fire/Tloc      6%         2d10      77%         3
 Metabolic Englaciation   Hex/Ice        8%         N/A       80%         5
 Summon Forest            Summ/Tloc      8%         N/A       82%         5
 Summon Mana Viper        Hex/Summ       16%        N/A       82%         5
 Freezing Cloud           Conj/Ice/Air   7%         6-21      90%         5
 Fulminant Prism          Conj/Hex       3%         3d5       95%         4
 Iskenderun's Mystic Bla  Conj/Tloc      6%         2d4       95%         4
 Sticky Flame             Conj/Fire      6%         2d3       95%         4
 Eringya's Noxious Bog    Tmut/Pois      11%        N/A       96%         6
 Airstrike                Air            1%         2d(1-17)  99%         4
 Cause Fear               Hex            1%         N/A       99%         4
 Passage of Golubria      Tloc           3%         N/A       99%         4
 Petrify                  Tmut/Erth      3%         N/A       99%         4
 Iskenderun's Battlesphe  Conj           9%         2d6       99%         5
 Haunt                    Necr/Summ      15%        N/A       99%         7
 Summon Hydra             Summ           14%        N/A       99%         7
 Arcjolt                  Conj/Air       3%         1d13      100%        5
 Fireball                 Conj/Fire      3%         3d4       100%        5
 Irradiate                Conj/Tmut      3%         3d12      100%        5
 Lee's Rapid Deconstruct  Erth           1%         3d4*      100%        5
 Silence                  Hex/Air        1%         N/A       100%        5
 Yara's Violent Unravell  Hex/Tmut       1%         3d3       100%        5
 Conjure Ball Lightning   Conj/Air       3%         3x3d6     100%        6
 Dispersal                Tloc           1%         N/A       100%        6
 Plasma Beam              Fire/Air       1%         2x1d12    100%        6
 Starburst                Conj/Fire      3%         6d3       100%        6
 Statue Form              Tmut/Erth      2%         N/A       100%        6
 Enfeeble                 Hex            1%         N/A       100%        7
 Orb of Destruction       Conj           4%         9d5       100%        7
 Spellforged Servitor     Conj/Summ      9%         N/A       100%        7
 Storm Form               Tmut/Air       1%         N/A       100%        7
 Borgnjor's Revivificati  Necr           16%        N/A       100%        8
 Disjunction              Tloc           1%         N/A       100%        8
 Ignition                 Fire           1%         3d3       100%        8
 Infestation              Necr           16%        N/A       100%        8
 Lehudib's Crystal Spear  Conj/Erth      3%         10d2      100%        8
 Necromutation            Tmut/Necr      9%         N/A       100%        8
 Chain Lightning          Conj/Air       3%         3d4       100%        9
 Death's Door             Necr           16%        N/A       100%        9


Dungeon Overview and Level Annotations

Branches:
Dungeon (15/15)            Temple (1/1) D:6            Lair (5/5) D:9
  Swamp (4/4) Lair:2       Spider (4/4) Lair:2        Slime (5/5) Lair:4
    Orc (2/2) D:11            Elf (3/3) Orc:2        Vaults (5/5) D:13
  Crypt (3/3) Vaults:3       Tomb (0/3) Crypt:3      Depths (4/4) D:15
    Zot (5/5) Depths:4      Sewer (visited)         Ossuary (visited)
  IceCv (visited)          WizLab (visited)         Gauntlet (visited)

Altars:
Ashenzari
Cheibriados
Dithmenos
Elyvilon
Fedhas
Gozag
Hepliaklqana
Kikubaaqudgha
Makhleb
Nemelex Xobeh
Okawaru
Qazlal
Sif Muna
Trog
Uskayaw
Vehumet
Wu Jian
Xom
Yredelemnul
Zin
The Shining One
Jiyva

Shops:
D:9 *   D:13 :   Orc:2 [[*(=   Elf:1 [   Elf:2 [   Vaults:4 ?

Portals:
Hell: Depths:1 Depths:2 Depths:3 Depths:4
Abyss: Depths:2 Depths:3
Pandemonium: Depths:1 Depths:2 Depths:4

Annotations:
Lair:5 exclusion: oklob plant
Elf:2 2 runed translucent doors
Depths:3 2 transporters, exclusion: obsidian statue


Innate Abilities, Weirdness & Mutations

You have a pair of horns on your head.
You reflexively headbutt those who attack you in melee.
You have sharp fingernails.
Your system is resistant to poisons. (rPois)
You are occasionally teleported next to monsters.


Message History

Where to? (Enter - D:1, ? - help)
What level of the Dungeon? (default 1, ? - help) Magic restored.
There is a stone staircase leading up here.
You climb upwards.
There is a stone staircase leading down here.
You open the door.
There is an open door here.
Aiming: Dig
Press: ? - help, Shift-Dir - straight line A rock wall.
This square is wreathed by an umbra and is covered in magical glow.
The rock shatters into small pieces.
There is an open gate here.
A Voyfer, a small abomination, a chaos spawn and a rust devil come into view.
You block the chaos spawn's attack. Voyfer attacks as you move away!
Voyfer barely misses you. You furiously retaliate!
You headbutt Voyfer!
The chaos spawn attacks as you move away!
You block the chaos spawn's attack.
Voyfer calls on the powers of darkness!
Your body is wracked with pain!
You emit a cloud of dark smoke.
You block the rust devil's attack. Voyfer attacks as you move away!
Voyfer hits you but does no damage.
Voyfer gestures.
Voyfer's surroundings become eerily quiet.
There is a staircase leading out of the dungeon here.
Unknown command.
Press: ? - help, v - describe, . - travel
Here: Voyfer (black smoke, silenced, lightly wounded, radiating silence, unaffected by silence, umbra)
The floor.
Unknown command.
You block the rust devil's attack. Voyfer completely misses you.
The chaos spawn completely misses you.
An Orb Guardian comes into view.
Unknown command.
You block Voyfer's attack. You block the rust devil's attack.
The chaos spawn misses you. You furiously retaliate!
You headbutt the chaos spawn.
You have escaped!

..#
#.....♣.....♣.....#.##.##.
..#
#.................#..#.###
..#
#......#'''#......##.#.##.
..#
#....###.x.###....##.#.##.
..#
#....#.......#....##.#.##.
..#
#....#...§.§.#....##.#.##.
..#
#....#...x§§§#....##.#.##.
..#
#....#.§44&§§#....##'#.##.
###
#....#.§§@§..#.........##.
#..###.§X§§§§###.......##.
#..#....§§§....#..........
#..#.8.......8.#..####....
#..#...#####...#..# ####.
#..#####...#####..# #.
#.................# #.
#.................# #.
#........⌠........# ##


You could see Voyfer (silencing, unsilenced), an Orb Guardian, a rust devil, a
chaos spawn and a small abomination.

Vanquished Creatures
  the Royal Jelly (Slime:5)
  3 dread liches
  An orb of fire (Zot:3)
  2 ancient liches
  2 pandemonium lords
  2 juggernauts
  Sojobo (Vaults:5)
  Frederick (Crypt:3)
  Margery (Crypt:2)
  Saint Roka (Crypt:3)
  6 Killer Klowns
  A curse toe (Zot:4)
  Jory (Crypt:3)
  4 golden dragons
  4 caustic shrikes (Depths:4)
  A bone dragon (Depths:4)
  A profane servitor (D:6)
  Arachne (Spider:2)
  An iron giant (Depths:4)
  2 electric golems
  Zenata (Vaults:1)
  Mlioglotl (Spider:4)
  11 tentacled monstrosities
  3 liches
  26 Orb Guardians
  10 quicksilver dragons
  A deep elf master archer (Elf:3)
  Asterion (Vaults:3)
  A deep elf blademaster (Elf:3)
  3 titans (Vaults:5)
  An eldritch tentacle (WizLab)
  4 tentacled starspawn
  6 death cobs
  Gastronok (Orc:1)
  Agnes (Spider:3)
  14 acid blobs
  A sphinx (Vaults:3)
  6 shadow dragons
  7 ancient champions
  8 tengu reavers
  2 thorn hunters
  An Executioner (Zot:4)
  Roxanne (Spider:3)
  7 storm dragons
  10 frost giants
  A rockslime (Slime:1)
  A revenant (Crypt:2)
  6 azure jellies (Slime:5)
  2 fenstrider witches (Swamp:4)
  3 draconian monks
  4 draconian knights
  An iron dragon (Vaults:5)
  3 emperor scorpions (Spider:4)
  11 deep elf sorcerers
  10 fire giants
  16 vault wardens
  A balrug (Zot:1)
  11 ghost moths
  8 draconian scorchers
  The ghost of Xusi the Executioner, a journeyman MiMo of the Shining One (Depths:3)
  23 ironbound preservers
  A draconian stormcaller (Zot:5)
  4 orc warlords
  6 draconian shifters
  A demonspawn corrupter (D:8)
  4 cacodemons
  2 angels
  7 deep elf elementalists (Elf:3)
  A draconian annihilator (Zot:3)
  6 broodmothers (Spider:4)
  2 juggernaut zombies
  2 ophanim (Abyss:5)
  32 very ugly things
  2 spriggan defenders
  10 ghouls
  4 war gargoyles
  5 quicksilver oozes
  8 ironbound thunderhulks
  2 deep elf demonologists
  11 vampire knights
  16 stone giants
  7 green draconians
  2 eleionomae
  4 purple draconians
  5 yellow draconians
  7 black draconians
  8 deep elf annihilators
  10 dire elephants
  A spark wasp (Spider:4)
  2 bunyips (Swamp:2)
  11 red draconians
  6 white draconians
  5 eidola (Crypt:1)
  A minotaur (Gauntlet)
  A blizzard demon (Zig:1)
  5 crystal guardians
  7 deep elf death magi
  An acid blob zombie (Crypt:2)
  A quicksilver dragon zombie (Crypt:1)
  15 jiangshi
  A shambling mangrove (Swamp:3)
  A mummy priest (Crypt:3)
  6 ettins
  6 fire dragons
  9 entropy weavers
  4 deep elf high priests
  Harold (D:9)
  12 yaktaur captains
  8 great orbs of eyes
  33 vault guards
  3 caustic shrike simulacra
  A fenstrider witch skeleton (Crypt:1)
  7 rakshasas
  A jorogumo (Spider:3)
  10 ice dragons
  4 spriggan air magi
  6 peacekeepers
  17 hydras
  2 radroaches
  Erica (D:8)
  3 ghost crabs
  The ghost of Imeid the Eclecticist, a journeyman DEEE of Vehumet (Lair:2)
  The ghost of Vire the Fighter, a novice MiGl of Zin (D:9)
  12 ironbound frosthearts
  12 boulder beetles
  8 centaur warriors
  2 catoblepae
  23 dancing weapons
  4 two-headed ogres
  7 alligators
  A satyr (shapeshifter) (Depths:4)
  A naga warrior (Abyss:5)
  5 tengu warriors
  2 titan zombies
  10 vampire magi
  10 deep troll shamans
  9 death yaks
  5 deep troll earth magi
  A naga sharpshooter (Zig:2)
  4 orc high priests
  6 thrashing horrors
  22 spriggans
  Nergalle (Orc:2)
  11 hell knights
  3 spriggan berserkers
  2 storm dragon zombies
  12 deep elf knights
  5 iron trolls
  3 spectral death yaks (Lair:5)
  2 wretched stars (Abyss:5)
  A spectral anaconda (Lair:5)
  20 skeletal warriors
  5 sixfirhies
  4 sun demons
  A golden dragon zombie (Crypt:2)
  A shadow wraith (Crypt:3)
  2 bunyip zombies (Crypt:3)
  2 spatial maelstroms (Abyss:5)
  9 pharaoh ants
  3 sun moths
  78 deep trolls
  2 cherubim (Abyss:5)
  A storm dragon skeleton (Crypt:2)
  4 spriggan druids
  An anaconda zombie (Crypt:3)
  A sea snake (shapeshifter) (Vaults:4)
  5 goliath frogs
  23 deep elf archers
  2 shadow demons (Crypt:3)
  10 orb spiders
  11 bog bodies
  9 glowing orange brains
  An orange crystal statue (Depths:1)
  A naga ritualist (Zig:2)
  A spriggan simulacrum (Crypt:2)
  11 swamp dragons
  A bunyip skeleton (Crypt:2)
  6 steelbarb worms
  10 wizards
  Pikel (D:9)
  A broodmother zombie (Crypt:3)
  23 ironbound convokers
  7 lindwurms
  6 orc knights
  3 obsidian statues
  28 deep elf pyromancers
  24 deep elf zephyrmancers
  16 harpies
  16 necromancers
  A frost giant zombie (Vaults:5)
  20 phantasmal warriors
  2 orc sorcerers
  30 ugly things
  20 wolf spiders
  4 shining eyes
  A tengu skeleton (Vaults:5)
  5 manticores
  3 will-o-the-wisps
  5 cyclopes
  A salamander (shapeshifter) (Vaults:5)
  16 elephants
  A guardian serpent (Abyss:5)
  A stone giant skeleton (Crypt:3)
  A centaur zombie (Crypt:3)
  2 naga magi
  16 moths of wrath
  A guardian serpent (shapeshifter) (D:13)
  2 worldbinders (WizLab)
  2 frost giant skeletons
  A rust devil (D:2)
  7 demonic crawlers
  A naga zombie (Crypt:2)
  15 cane toads
  6 smoke demons
  20 vault sentinels
  Joseph (D:7)
  An apocalypse crab (Gauntlet)
  4 eyes of devastation
  6 torpor snails
  3 black mambas
  A dire elephant skeleton (Crypt:1)
  An ice statue (Spider:2)
  2 rime drakes (shapeshifter)
  4 orange demons
  3 gargoyles
  A minotaur zombie (Gauntlet)
  A naga skeleton (Crypt:1)
  6 unseen horrors
  A tormentor (Depths:4)
  20 freezing wraiths
  38 yaktaurs
  A redback zombie (Crypt:3)
  Psyche (D:12)
  2 kobold demonologists (Crypt:3)
  2 spriggan zombies
  3 rime drakes
  2 efreet (WizLab)
  A guardian mummy (D:15)
  3 tengu conjurers
  2 anaconda simulacra (IceCv)
  4 ancient zymes
  2 polar bears (Lair:5)
  3 ice devils (IceCv)
  A hydra zombie (Crypt:3)
  10 komodo dragons
  A yaktaur skeleton (Vaults:5)
  A meliai (shapeshifter) (D:13)
  A golden dragon simulacrum (IceCv)
  14 trolls
  A queen bee (D:9)
  A black draconian skeleton (Crypt:2)
  9 meliai
  4 tyrant leeches
  A bloated husk (Swamp:2)
  A troll (shapeshifter) (Vaults:5)
  A harpy zombie (Crypt:2)
  23 hornets
  A hornet (shapeshifter) (D:13)
  9 dream sheep (Lair:5)
  23 tarantellas
  11 blink frogs
  2 ettin zombies
  11 raiju
  2 raiju (shapeshifter)
  2 tarantella zombies
  A flying skull (Crypt:1)
  65 slime creatures
  3 centaur simulacra (Gauntlet)
  3 air elementals
  31 jumping spiders
  A fire dragon skeleton (Crypt:1)
  2 shadows
  2 dire elephant simulacra (IceCv)
  4 ynoxinuls
  5 wyverns
  20 culicivoras
  2 fire bats (Abyss:5)
  26 vampires
  3 water elementals
  7 fire elementals
  43 yaks
  A guardian serpent skeleton (Crypt:3)
  A wind drake skeleton (Crypt:3)
  40 redbacks
  15 large abominations
  9 wraiths
  3 neqoxecs
  A yak (shapeshifter) (Vaults:5)
  A black mamba skeleton (Crypt:1)
  A golden eye (shapeshifter) (D:14)
  2 steam dragons
  An unseen horror simulacrum (D:9)
  8 basilisks
  Grum (D:11)
  2 golden eyes (Slime:5)
  4 chaos spawn
  3 minotaur simulacra (IceCv)
  15 vampire mosquitoes
  11 swamp worms
  6 wargs
  22 spatial vortices
  3 nagas
  A redback (shapeshifter) (Depths:2)
  A hydra simulacrum (IceCv)
  An acid dragon (D:12)
  3 harpy simulacra
  3 spectral cane toads (Lair:5)
  11 water moccasins
  An ogre skeleton (WizLab)
  A faun skeleton (Crypt:3)
  2 elephant zombies (Lair:5)
  2 merfolk skeletons
  36 orc warriors
  8 swamp drakes
  3 black bears
  2 ettin simulacra (IceCv)
  12 boggarts
  23 centaurs
  A lindwurm zombie (Crypt:1)
  9 ogres
  17 wolves
  5 alligator simulacra (IceCv)
  An elephant skeleton (Lair:5)
  A phantom (D:4)
  A swamp dragon skeleton (Crypt:1)
  10 bullfrogs
  5 kobold brigands
  4 elf zombies
  6 gnoll sergeants
  8 scorpions
  4 earth elementals
  2 necrophages
  A cane toad simulacrum (Gauntlet)
  10 small abominations
  A cyclops skeleton (Crypt:2)
  3 lindwurm simulacra (IceCv)
  4 killer bees (D:9)
  2 howler monkeys (D:9)
  5 electric eels
  A crimson imp (WizLab)
  3 jellies
  4 hounds
  15 orc priests
  2 sleepcaps
  Crazy Yiuf (D:6)
  2 gnoll boudas
  4 iron imps (Gauntlet)
  10 starcursed masses
  A basilisk skeleton (Crypt:1)
  3 iguanas
  31 orc wizards
  A deep dwarf skeleton (Crypt:1)
  3 mummies (Ossuary)
  23 gnolls
  10 adders
  A white imp (D:5)
  An ufetubus (Abyss:3)
  A worm zombie (Crypt:2)
  6 adder zombies (Ossuary)
  5 worms
  4 dart slugs
  67 orcs
  11 ball pythons
  7 bats
  7 endoplasms
  11 giant cockroaches
  4 goblins
  8 hobgoblins
  7 jackals
  10 quokkas
  13 frilled lizards
  A giant cockroach zombie (Crypt:3)
  2 gnoll zombies (Ossuary)
  2 goblin zombies (Ossuary)
  20 kobolds
  4 kobold zombies (Ossuary)
  2 quokka zombies (Ossuary)
  23 rats
  A rat zombie (Ossuary)
  3 starspawn tentacles (Abyss:3)
2510 creatures vanquished.

Vanquished Creatures (collateral kills)
  An acid blob (Slime:5)
  A rockslime (Slime:5)
  Urug (D:10)
  A dire elephant simulacrum (IceCv)
4 creatures vanquished.

Vanquished Creatures (others)
  A tentacled starspawn (Abyss:5)
  A draconian monk (Zot:3)
  A blizzard demon (D:12)
  A deep elf death mage (Elf:3)
  A deep elf high priest (Vaults:5)
  A vampire mage (Crypt:3)
  A deep elf knight (Elf:1)
  A tarantella (Spider:3)
  A water elemental (Elf:2)
  A vampire (Crypt:3)
  8 foxfires
  121 spectral weapons
  3 starspawn tentacles
142 creatures vanquished.

Grand Total: 2656 creatures vanquished

Notes
Turn   | Place    | Note
-------+----------+-------------------------------------------
     0 | D:1      | Amplified the Minotaur Reaver began the quest for the Orb.
     0 | D:1      | Reached XP level 1. HP: 18/18 MP: 1/1
   125 | D:1      | Reached XP level 2. HP: 9/25 MP: 3/3
   210 | D:1      | Reached skill level 1 in Armour
   459 | D:1      | Reached skill level 3 in Fighting
   459 | D:1      | Reached XP level 3. HP: 31/31 MP: 4/4
   712 | D:1      | Learned a level 2 spell: Momentum Strike
   949 | D:2      | Reached XP level 4. HP: 31/38 MP: 5/5
  1684 | D:3      | Reached XP level 5. HP: 46/46 MP: 6/6
  2284 | D:4      | Noticed a phantom
  2306 | D:4      | Killed a phantom
  2307 | D:4      | Reached skill level 4 in Fighting
  2307 | D:4      | Reached skill level 5 in Axes
  2368 | D:4      | Found a glowing drain.
  2396 | Sewer    | Entered a sewer
  2414 | Sewer    | Reached XP level 6. HP: 52/52 MP: 7/7
  2564 | Sewer    | Found the +2 hood of the Assassin {Detect Stab+ Stlth++}
  2635 | Sewer    | Identified the +6 flail "Kiuckexu" {flame, Int+5}
  2708 | D:4      | Identified the +2 robe "Virur" {+Blink}
  2761 | D:4      | Found a sand-covered staircase.
  2770 | Ossuary  | Entered an ossuary
  2933 | Ossuary  | Reached XP level 7. HP: 59/60 MP: 8/8
  2981 | Ossuary  | Reached skill level 5 in Fighting
  2981 | Ossuary  | Reached skill level 1 in Maces & Flails
  3102 | D:4      | Reached skill level 5 in Dodging
  3605 | D:5      | Entered Level 5 of the Dungeon
  3715 | D:5      | Identified a scroll of acquirement
  3715 | D:5      | Acquired the +1 hat of the Several Tusks {rElec rF+ rC+
                  | Str+3}
  3846 | D:5      | Reached skill level 1 in Stealth
  3855 | D:5      | Reached XP level 8. HP: 34/70 MP: 9/9
  3857 | D:5      | Reached skill level 6 in Fighting
  3997 | D:5      | Found a snail-covered altar of Cheibriados.
  4108 | D:5      | Found a shadowy altar of Dithmenos.
  4108 | D:5      | Found a shimmering blue altar of Sif Muna.
  4228 | D:6      | Found a runed translucent door.
  4229 | D:6      | Noticed Crazy Yiuf
  4349 | D:6      | Killed Crazy Yiuf
  4448 | D:6      | Found an ancient bone altar of Kikubaaqudgha.
  4649 | D:6      | Found a broken altar of Ashenzari.
  4708 | D:6      | Found a staircase to the Ecumenical Temple.
  4722 | Temple   | Entered the Ecumenical Temple
  4989 | D:5      | Became a worshipper of Dithmenos the Shadowed
  5183 | D:7      | Noticed Joseph
  5193 | D:7      | Killed Joseph
  5194 | D:7      | Reached skill level 7 in Fighting
  5194 | D:7      | Reached skill level 1 in Invocations
  5271 | D:7      | Reached skill level 5 in Maces & Flails
  5278 | D:7      | Reached XP level 9. HP: 65/79 MP: 10/10
  5494 | D:7      | You fall into a shaft and drop 3 floors!
  5494 | D:10     | Entered Level 10 of the Dungeon
  5507 | D:9      | Noticed a komodo dragon
  5507 | D:9      | Noticed Vire's ghost (novice MiGl)
  5526 | D:9      | Noticed Harold
  5540 | D:9      | Killed Harold
  5541 | D:9      | Reached skill level 8 in Fighting
  5542 | D:9      | Gained mutation: You have a pair of large horns on your
                  | head. [potion of mutation]
  5542 | D:9      | Gained mutation: You have hidden genetic defects. [potion
                  | of mutation]
  5542 | D:9      | Gained mutation: You passively map a small area around you.
                  | [potion of mutation]
  5921 | D:9      | Found Xygoczih's Demolitions Depot.
  5926 | D:9      | Found a staircase to the Lair.
  5928 | D:9      | Noticed a troll
  5930 | D:9      | Noticed Pikel
  5931 | D:9      | Noticed a two-headed ogre
  5940 | D:9      | Killed a troll
  5943 | D:9      | Killed Pikel
  5944 | D:9      | Reached XP level 10. HP: 77/90 MP: 10/12
  5945 | D:9      | Gained mutation: You have terrible hidden genetic defects.
                  | [hidden defects]
  5950 | D:9      | Killed a two-headed ogre
  5950 | D:9      | Reached * piety under Dithmenos
  5951 | D:9      | Reached skill level 5 in Stealth
  6050 | D:8      | Found a sparkling altar of Nemelex Xobeh.
  6295 | D:8      | Reached skill level 9 in Fighting
  6312 | D:8      | Gained mutation: You are frail. (-10% HP) [hidden defects]
  6312 | D:8      | Lost mutation: You have terrible hidden genetic defects.
                  | [hidden defects expressed]
  6423 | D:8      | Found a bloodstained altar of Trog.
  6437 | D:8      | Noticed Erica
  6451 | D:8      | Killed Erica
  6452 | D:8      | Reached skill level 5 in Invocations
  7534 | D:9      | Found a runed translucent gate.
  7534 | D:9      | Found a runed translucent gate.
  7534 | D:9      | Found a runed translucent gate.
  7653 | D:9      | Gained mutation: Armour fits poorly on your strangely
                  | shaped body. [hidden defects]
  8338 | Lair:1   | Entered Level 1 of the Lair of Beasts
  8426 | D:9      | Gained mutation: You are clumsy. (Dex -2) [hidden defects]
  8426 | D:9      | Lost mutation: You have hidden genetic defects. [hidden
                  | defects expressed]
  8645 | D:10     | Reached ** piety under Dithmenos
  8758 | D:10     | Noticed a two-headed ogre
  8770 | D:10     | Killed a two-headed ogre
  8771 | D:10     | Reached skill level 10 in Fighting
  8771 | D:10     | Reached XP level 11. HP: 29/89 MP: 14/14
  8973 | D:10     | Noticed Urug
  8982 | D:10     | Killed Urug
  9418 | D:10     | Noticed a lindwurm
  9419 | D:10     | Noticed a lindwurm
  9419 | D:10     | Noticed a lindwurm
  9419 | D:10     | Noticed a lindwurm
  9425 | D:10     | Killed a lindwurm
  9702 | D:10     | Noticed a two-headed ogre
  9710 | D:10     | Killed a two-headed ogre
 10059 | D:11     | Noticed a boulder beetle
 10100 | D:11     | Killed a boulder beetle
 10101 | D:11     | Reached *** piety under Dithmenos
 10325 | D:11     | Noticed Grum
 10800 | D:11     | Killed Grum
 11027 | D:11     | Found a staircase to the Orcish Mines.
 11059 | D:11     | Reached skill level 10 in Dodging
 11086 | D:11     | Reached skill level 11 in Fighting
 11651 | D:12     | Noticed a two-headed ogre
 11711 | Orc:1    | Entered Level 1 of the Orcish Mines
 11904 | Orc:1    | Noticed Gastronok
 11971 | Orc:1    | Reached skill level 10 in Maces & Flails
 12136 | Orc:1    | Reached XP level 12. HP: 45/99 MP: 16/16
 12153 | Orc:1    | Killed Gastronok
 12397 | Orc:1    | Reached **** piety under Dithmenos
 12716 | Orc:1    | Found a shimmering blue altar of Sif Muna.
 12731 | Orc:1    | Got Sif Muna's Incunable of Geomancy
 12963 | Orc:2    | Entered Level 2 of the Orcish Mines
 12963 | Orc:2    | Found a staircase to the Elven Halls.
 13568 | Lair:1   | Noticed a catoblepas
 13644 | Lair:2   | Noticed a six-headed hydra
 13648 | Lair:2   | Killed a six-headed hydra
 13748 | Lair:2   | Found a staircase to the Swamp.
 13862 | Lair:2   | Found the +5 Force Lance {heavy, knockback}
 14012 | Lair:2   | Found a transporter.
 14350 | Lair:2   | Found a hole to the Spider Nest.
 14471 | Lair:2   | Found a transporter.
 14475 | Lair:2   | Noticed Imeid's ghost (journeyman DEEE)
 14679 | Lair:2   | HP: 6/150 [moth of wrath (3)]
 14682 | Lair:2   | Reached skill level 12 in Fighting
 14684 | Lair:2   | HP: 6/225 [poisoned by a black mamba]
 14688 | Lair:2   | Killed Imeid's ghost
 15002 | Lair:3   | Noticed a four-headed hydra
 15017 | Lair:3   | Noticed a catoblepas
 15032 | Lair:3   | Killed a catoblepas
 15119 | Lair:3   | Found a gate leading to a gauntlet.
 15211 | Gauntlet | Entered a Gauntlet
 15211 | Gauntlet | Found a transporter.
 15211 | Gauntlet | Found a transporter.
 15214 | Gauntlet | Found a transporter.
 15216 | Gauntlet | Found a transporter.
 15217 | Gauntlet | Found a transporter.
 15231 | Gauntlet | Found a transporter.
 15232 | Gauntlet | Found a transporter.
 15241 | Gauntlet | Found a transporter.
 15249 | Gauntlet | Found a transporter.
 15266 | Gauntlet | Found a transporter.
 15270 | Gauntlet | Found a transporter.
 15280 | Gauntlet | Found a transporter.
 15794 | Gauntlet | Lost mutation: You have a pair of large horns on your head.
                  | [potion of mutation]
 15794 | Gauntlet | Lost mutation: Armour fits poorly on your strangely shaped
                  | body. [potion of mutation]
 15794 | Gauntlet | Gained mutation: You expend magic power (3 MP) to
                  | strengthen your wands. [potion of mutation]
 15822 | Gauntlet | Identified the ring "Ynganweq" {rPois Will++ MP+9}
 15843 | Gauntlet | Noticed a minotaur
 15864 | Gauntlet | HP: 1/151 [minotaur (18)]
 15865 | Gauntlet | Killed a minotaur
 16152 | Gauntlet | Identified the amulet of Divine Intervention {RegenMP
                  | Rampage rC+ rCorr}
 16152 | Gauntlet | Identified the +6 sling of Impatience {elec, +Blink Int+3}
 16534 | Lair:3   | Reached XP level 13. HP: 102/107 MP: 18/18
 17282 | Lair:4   | Found a viscous altar of Jiyva.
 17282 | Lair:4   | Found a staircase to the Slime Pits.
 17318 | Lair:4   | Reached ***** piety under Dithmenos
 17555 | Lair:4   | Reached skill level 13 in Fighting
 17878 | Lair:4   | Lost mutation: You expend magic power (3 MP) to strengthen
                  | your wands. [potion of mutation]
 17878 | Lair:4   | Lost mutation: You passively map a small area around you.
                  | [potion of mutation]
 17878 | Lair:4   | Lost mutation: You are clumsy. (Dex -2) [potion of
                  | mutation]
 17878 | Lair:4   | Gained mutation: Your muscles are strong. (Str +4, Int/Dex
                  | -1) [potion of mutation]
 17878 | Lair:4   | Gained mutation: You are very frail. (-20% HP) [potion of
                  | mutation]
 18351 | Lair:5   | Entered Level 5 of the Lair of Beasts
 18459 | Lair:5   | Found a bloodstained altar of Trog.
 18796 | Lair:1   | Reached skill level 10 in Invocations
 19612 | Orc:2    | Found Jeucwyfeoff's Antique Armour Boutique.
 19624 | Orc:2    | Bought a transparent leather armour for 196 gold pieces
 19624 | Orc:2    | Identified the +2 leather armour of Lesser Demons {Int+2
                  | Dex+2 Slay+2} (You bought it in a shop on level 2 of the
                  | Orcish Mines)
 19726 | Orc:2    | Noticed an orc warlord
 19726 | Orc:2    | Noticed Nergalle
 19962 | D:12     | Noticed Psyche
 19970 | D:12     | Killed Psyche
 20042 | D:12     | Reached XP level 14. HP: 104/104 MP: 20/20
 20436 | D:12     | Reached skill level 14 in Fighting
 20662 | D:13     | Found Yjumead's Tiny Tomes.
 20666 | D:13     | Reached skill level 10 in Stealth
 20850 | D:13     | Found a gate to the Vaults.
 20850 | D:13     | Noticed an ironbound preserver
 20867 | D:13     | Reached ****** piety under Dithmenos
 21333 | D:14     | Found a burning altar of Makhleb.
 21676 | D:15     | Entered Level 15 of the Dungeon
 22070 | D:15     | Found a staircase to the Depths.
 22806 | D:13     | Reached XP level 15. HP: 111/111 MP: 22/22
 22807 | D:13     | Reached skill level 15 in Fighting
 23093 | D:9      | Killed Vire's ghost
 23497 | Orc:2    | Killed Nergalle
 24619 | Orc:2    | Found Desum's Jewellery Shoppe.
 24622 | Orc:2    | Found Duosex's Antique Weapon Shoppe.
 24652 | Orc:2    | Found Sippov's General Store.
 24700 | Orc:2    | Bought 2 scrolls of blinking for 225 gold pieces
 24700 | Orc:2    | Bought a potion of degeneration for 15 gold pieces
 24700 | Orc:2    | Bought a scroll of torment for 142 gold pieces
 24780 | Orc:2    | Found Ihuanleo's Antique Armour Shoppe.
 24786 | Orc:2    | Bought an encrusted leather armour for 238 gold pieces
 24786 | Orc:2    | Identified the +5 leather armour of Precision Catastrophes
                  | {rN+ Dex+4} (You bought it in a shop on level 2 of the
                  | Orcish Mines)
 26424 | Orc:2    | Bought a potion of mutation for 120 gold pieces
 26424 | Orc:2    | Bought a condenser vane for 600 gold pieces
 26424 | Orc:2    | Lost mutation: Your muscles are strong. (Str +4, Int/Dex
                  | -1) [potion of mutation]
 26424 | Orc:2    | Lost mutation: You are very frail. (-20% HP) [potion of
                  | mutation]
 26424 | Orc:2    | Gained mutation: Your mind is acute. (Int +4, Str/Dex -1)
                  | [potion of mutation]
 26424 | Orc:2    | Gained mutation: Armour fits poorly on your strangely
                  | shaped body. [potion of mutation]
 26424 | Orc:2    | Gained mutation: Your system is resistant to poisons.
                  | (rPois) [potion of mutation]
 26749 | Lair:5   | Reached skill level 15 in Maces & Flails
 27051 | Lair:5   | Learned a level 2 spell: Passwall
 27262 | Lair:5   | Reached skill level 16 in Fighting
 27736 | Swamp:1  | Entered Level 1 of the Swamp
 27886 | Swamp:1  | Noticed a thorn hunter
 27908 | Swamp:2  | Reached XP level 16. HP: 49/135 MP: 24/24
 28170 | Swamp:1  | Killed a thorn hunter
 28587 | Swamp:1  | Reached skill level 15 in Dodging
 29553 | Swamp:2  | Lost mutation: Armour fits poorly on your strangely shaped
                  | body. [potion of mutation]
 29553 | Swamp:2  | Lost mutation: You are frail. (-10% HP) [potion of
                  | mutation]
 29553 | Swamp:2  | Lost mutation: Your system is resistant to poisons. (rPois)
                  | [potion of mutation]
 29553 | Swamp:2  | Gained mutation: Your magical capacity is low. (-10% MP)
                  | [potion of mutation]
 29553 | Swamp:2  | Gained mutation: You are strong-willed. (Will+) [potion of
                  | mutation]
 30668 | Swamp:4  | Entered Level 4 of the Swamp
 31066 | Swamp:4  | Noticed a thorn hunter
 31110 | Swamp:4  | Noticed a thorn hunter
 31125 | Swamp:4  | Killed a thorn hunter
 31126 | Swamp:4  | Reached skill level 17 in Fighting
 31295 | Swamp:4  | Got a decaying rune of Zot
 31430 | Swamp:4  | Reached XP level 17. HP: 39/161 MP: 23/23
 31912 | Spider:1 | Entered Level 1 of the Spider Nest
 33092 | Spider:2 | Noticed Arachne
 33098 | Spider:2 | Killed Arachne
 33278 | Spider:2 | Found a frozen archway.
 33370 | IceCv    | Entered an ice cave
 33523 | IceCv    | Reached skill level 5 in Armour
 33680 | IceCv    | Found an ancient bone altar of Kikubaaqudgha.
 33764 | IceCv    | Noticed a lich
 33786 | IceCv    | Killed a lich
 34491 | Spider:2 | Reached skill level 1 in Necromancy
 34503 | Spider:2 | Reached skill level 1 in Ice Magic
 34849 | Spider:2 | Reached skill level 18 in Fighting
 34935 | Spider:3 | Noticed Agnes
 34950 | Spider:3 | Killed Agnes
 35228 | Spider:3 | Identified Roxanne's Cyclopedia of Transmutation
 35228 | Spider:3 | Noticed Roxanne
 35252 | Spider:3 | Killed Roxanne
 35530 | Spider:3 | Identified the +8 ring mail of Truth {rN+ Will+ SInv}
 36482 | Spider:4 | Entered Level 4 of the Spider Nest
 36661 | Spider:4 | Reached XP level 18. HP: 165/172 MP: 24/24
 37139 | Spider:4 | Reached skill level 5 in Necromancy
 37139 | Spider:4 | Reached skill level 5 in Ice Magic
 38567 | Spider:4 | Found the +3 hat of Pondering {ponderous, Will+ MP+10
                  | Int+5}
 38589 | Spider:4 | Got a gossamer rune of Zot
 38619 | Spider:4 | Noticed Mlioglotl
 39336 | Spider:4 | Killed Mlioglotl
 39785 | Elf:1    | Entered Level 1 of the Elven Halls
 39857 | Elf:1    | Identified the +11 hand axe "Uskuil" {elec, rElec rPois
                  | rCorr}
 39981 | Elf:1    | Reached skill level 19 in Fighting
 40243 | Elf:1    | Got the Anthology of Necromancy
 40333 | Elf:1    | Found Nebbykk's Antique Armour Boutique.
 40604 | Elf:1    | Bought a twisted plate armour for 952 gold pieces
 40604 | Elf:1    | Identified the +0 plate armour of the Cricket {rF- rN+
                  | Int+3} (You bought it in a shop on level 1 of the Elven
                  | Halls)
 41375 | Elf:2    | Paralysed by an air elemental for 1 turns
 41781 | Elf:2    | Reached XP level 19. HP: 171/183 MP: 25/25
 41832 | Elf:2    | Paralysed by an air elemental for 1 turns
 41993 | Elf:2    | Found a runed translucent door.
 42015 | Elf:2    | Found a runed translucent door.
 42353 | Elf:2    | Found Dejiesu's Antique Armour Emporium.
 42609 | Elf:3    | Entered Level 3 of the Elven Halls
 42690 | Elf:3    | Found Qysan's Distillery.
 42731 | Elf:3    | Bought a potion of mutation for 96 gold pieces
 42731 | Elf:3    | Bought a potion of heal wounds for 60 gold pieces
 42731 | Elf:3    | Bought a potion of haste for 120 gold pieces
 42731 | Elf:3    | Bought a potion of resistance for 120 gold pieces
 42731 | Elf:3    | Bought a potion of berserk rage for 60 gold pieces
 42731 | Elf:3    | Bought a potion of brilliance for 48 gold pieces
 42731 | Elf:3    | Bought a potion of might for 48 gold pieces
 42731 | Elf:3    | Bought a potion of attraction for 36 gold pieces
 42731 | Elf:3    | Bought a potion of ambrosia for 96 gold pieces
 42956 | Vaults:1 | Entered Level 1 of the Vaults
 43357 | D:13     | Learned a level 3 spell: Frozen Ramparts
 43615 | Depths:1 | Entered Level 1 of the Depths
 43641 | Depths:1 | Reached skill level 10 in Necromancy
 43641 | Depths:1 | Reached skill level 10 in Ice Magic
 43893 | Vaults:1 | Reached skill level 20 in Fighting
 44166 | Vaults:1 | Noticed Zenata
 44209 | Vaults:1 | Killed Zenata
 47628 | Vaults:2 | Reached XP level 20. HP: 195/195 MP: 26/26
 47634 | Vaults:3 | Found a staircase to the Crypt.
 47888 | Crypt:1  | Entered Level 1 of the Crypt
 48537 | Crypt:2  | Reached skill level 21 in Fighting
 48596 | Crypt:2  | Noticed Margery
 48614 | Crypt:2  | Killed Margery
 49669 | Crypt:2  | Reached skill level 10 in Armour
 50281 | Crypt:1  | Reached skill level 1 in Shields
 50680 | Crypt:1  | You fall into a shaft and drop 1 floor!
 50939 | Crypt:3  | Entered Level 3 of the Crypt
 50963 | Crypt:3  | Reached skill level 5 in Shields
 51298 | Crypt:3  | Learned a level 5 spell: Agony
 51746 | Crypt:3  | Found a shimmering blue altar of Sif Muna.
 52368 | Crypt:3  | Noticed Frederick
 52369 | Crypt:3  | Identified the staff of death "Zyowkakh" {rN+ rCorr Str+3
                  | Stlth+}
 52374 | Crypt:3  | Noticed Saint Roka
 52393 | Crypt:3  | Killed Saint Roka
 52394 | Crypt:3  | Reached skill level 10 in Shields
 52394 | Crypt:3  | Reached XP level 21. HP: 87/204 MP: 27/27
 52689 | Crypt:3  | Killed Frederick
 53179 | Crypt:3  | Noticed Jory
 53541 | Crypt:3  | Identified the staff of death "Hith" {rN+ rCorr Int-4 SInv}
 53875 | Crypt:3  | Identified the amulet "Votuc" {RegenMP Rampage}
 54142 | Crypt:3  | Found a staircase to the Tomb.
 54264 | Crypt:3  | Killed Jory
 54265 | Crypt:3  | Reached skill level 1 in Summonings
 54874 | Vaults:3 | Noticed Asterion
 54883 | Vaults:3 | Killed Asterion
 55332 | Vaults:3 | You fall into a shaft and drop 1 floor!
 55336 | Vaults:4 | Reached skill level 5 in Summonings
 55486 | Vaults:4 | Found a magical portal.
 55515 | Vaults:4 | Found Aze Itudgh's Magic Scroll Shoppe.
 55518 | Vaults:4 | Bought 3 scrolls of fear for 192 gold pieces
 55518 | Vaults:4 | Bought a scroll of teleportation for 48 gold pieces
 55518 | Vaults:4 | Bought 3 scrolls of blinking for 360 gold pieces
 55518 | Vaults:4 | Bought a scroll of teleportation for 48 gold pieces
 55518 | Vaults:4 | Bought a scroll of magic mapping for 120 gold pieces
 55518 | Vaults:4 | Bought a scroll of magic mapping for 120 gold pieces
 55593 | WizLab   | Entered The Roulette of Golubria
 55593 | WizLab   | Found a transporter.
 55598 | WizLab   | Found the +1 cloak of Starlight {*Dazzle EV+4 Stlth--}
 55598 | WizLab   | Found a corrupted altar of Lugonu.
 55623 | WizLab   | Found a transporter.
 55623 | WizLab   | Found a transporter.
 55634 | WizLab   | Got the Tome of Transportation
 55649 | WizLab   | Found a transporter.
 55649 | WizLab   | Found a transporter.
 55652 | WizLab   | Found a transporter.
 55665 | WizLab   | Identified the +0 cloak "Joeps" {Rampage}
 55761 | WizLab   | Found a transporter.
 55761 | WizLab   | Found a transporter.
 55809 | WizLab   | Found a transporter.
 55809 | WizLab   | Found a transporter.
 55834 | WizLab   | Found a transporter.
 55834 | WizLab   | Found a transporter.
 55890 | WizLab   | Found a transporter.
 55954 | WizLab   | Found a transporter.
 55955 | WizLab   | Found a corrupted altar of Lugonu.
 56017 | WizLab   | Found a transporter.
 56019 | WizLab   | Found a corrupted altar of Lugonu.
 56050 | WizLab   | Found a transporter.
 56164 | WizLab   | Found a transporter.
 56263 | WizLab   | Found a transporter.
 56298 | WizLab   | Found a transporter.
 56346 | WizLab   | Found a transporter.
 57194 | Vaults:4 | Reached skill level 15 in Shields
 58010 | Vaults:3 | Reached XP level 22. HP: 213/213 MP: 28/28
 59488 | Vaults:2 | Learned a level 1 spell: Apportation
 59492 | Vaults:2 | Identified the ring of Ypuimah {rN+++ rCorr Int-4 Dex+8
                  | SInv} (You found it on level 2 of the Vaults)
 60257 | Depths:1 | Reached skill level 15 in Stealth
 60758 | Depths:1 | Found Puuxetwe's Distillery.
 60858 | Depths:1 | Bought a potion of curing for 66 gold pieces
 60858 | Depths:1 | Bought a potion of ambrosia for 176 gold pieces
 60858 | Depths:1 | Bought a potion of flight for 66 gold pieces
 60858 | Depths:1 | Bought 2 potions of brilliance for 176 gold pieces
 60858 | Depths:1 | Bought a potion of attraction for 66 gold pieces
 60858 | Depths:1 | Bought a potion of lignification for 66 gold pieces
 60858 | Depths:1 | Bought a potion of lignification for 66 gold pieces
 60858 | Depths:1 | Bought a potion of attraction for 66 gold pieces
 60870 | Depths:1 | Found a gateway to Hell.
 60899 | Depths:1 | Reached skill level 22 in Fighting
 60951 | Depths:1 | Identified the +8 trident of Werots {drain, *Noise rN++
                  | Int+2}
 61340 | Depths:1 | Identified the +8 plate armour "Puxy" {Rampage +Blink Int+2
                  | Stlth+}
 61610 | Depths:1 | Identified the +3 helmet of the Griffon {Regen+ Str+2}
 61896 | Depths:1 | Found a one-way gate leading to the halls of Pandemonium.
 61956 | Depths:2 | Noticed a juggernaut
 61960 | Depths:2 | Killed a juggernaut
 62213 | Depths:2 | Found a one-way gate to the infinite horrors of the Abyss.
 62239 | Depths:2 | Reached skill level 15 in Invocations
 62395 | Depths:2 | Found a sparkling altar of Nemelex Xobeh.
 63123 | Depths:3 | Reached XP level 23. HP: 223/223 MP: 29/29
 63462 | Depths:3 | Reached skill level 5 in Spellcasting
 63529 | Depths:3 | Found a transporter.
 63543 | Depths:3 | You fall into a shaft and drop 1 floor!
 63543 | Depths:4 | Entered Level 4 of the Depths
 63543 | Depths:4 | Found a one-way gateway to a ziggurat.
 63607 | Depths:4 | Found a flickering gateway to a bazaar.
 63621 | Depths:4 | Found a portal to a secret trove of treasure.
 63657 | Bazaar   | Entered a bazaar
 63657 | Bazaar   | Found Jenaedghyel's Antique Armour Emporium.
 63665 | Bazaar   | Found Rurre's General Store.
 63676 | Bazaar   | Found Hocoes's Antique Weapon Emporium.
 63687 | Bazaar   | Found Ankurphunt's Jewellery Shop.
 63695 | Bazaar   | Found Olur's Distillery.
 63711 | Bazaar   | Bought the ring of Zin's Hope {rF+ Str+2 SInv} for 808 gold
                  | pieces
 63720 | Bazaar   | Bought 2 potions of curing for 78 gold pieces
 63763 | Depths:4 | You paid a toll of 7 scrolls of fog to enter a treasure
                  | trove
 63764 | Trove    | Entered a treasure trove
 63788 | Trove    | Identified the ring of the Prince {rN++ Str+2 Int+6 Dex-3
                  | Stlth+}
 63804 | Trove    | Reached XP level 24. HP: 233/233 MP: 30/30
 63924 | Depths:4 | Reached skill level 1 in Poison Magic
 64292 | Depths:4 | Reached skill level 5 in Poison Magic
 64603 | Depths:4 | Found a gate to the Realm of Zot.
 64877 | Depths:3 | Found a runed translucent gate.
 64878 | Depths:3 | Found a runed translucent gate.
 64879 | Depths:3 | Found a runed translucent gate.
 64879 | Depths:3 | Noticed Xusi's ghost (journeyman MiMo)
 65149 | Depths:3 | Found a transporter.
 65475 | Depths:3 | Killed Xusi's ghost
 66200 | Depths:4 | Reached skill level 10 in Poison Magic
 66784 | Vaults:5 | Entered Level 5 of the Vaults
 66801 | Vaults:5 | Noticed an ancient lich
 67144 | Vaults:5 | Identified the ring "Kofomp" {Will+ EV+5 Dex+3}
 67158 | Vaults:5 | Identified the +8 trident of the Abyss {freeze, rF+ Stlth+}
 67158 | Vaults:5 | Identified the ring "Irhytod" {rF+ rC+ Int+3 Dex+3 Stlth+}
 67158 | Vaults:5 | Identified the staff of conjuration "Xeacvab" {rElec rPois
                  | Str+2}
 67362 | Vaults:5 | Killed an ancient lich
 67478 | Vaults:5 | Identified the +0 chain mail of Leaves {Int-3 Dex+4}
 67537 | Vaults:5 | Identified the +8 trident "Bokeredidgh" {drain, SInv}
 67578 | Vaults:5 | Noticed Sojobo
 67608 | Vaults:5 | Reached XP level 25. HP: 200/240 MP: 30/30
 67636 | Vaults:5 | Killed Sojobo
 68015 | Vaults:5 | Got a silver rune of Zot
 68024 | Vaults:5 | Got Vuse's Vellum of Despair
 68384 | Vaults:5 | Learned a level 4 spell: Dispel Undead
 68596 | Vaults:5 | Identified the staff of earth "Kadweun" {rPois Dex+4}
 68967 | Vaults:5 | Identified the +0 scale mail "Sofeylig" {rC+ Dex+6}
 70261 | Elf:3    | Reached skill level 23 in Fighting
 70498 | Elf:3    | Identified the +3 dagger of Dipaoh {antimagic, rC+ Will+}
 70521 | Elf:3    | Identified the +11 long sword of Upheal {freeze, Str+3
                  | Dex+6}
 70953 | Elf:3    | Identified the +0 pair of gloves "Wuenuuch" {rPois}
 70964 | Elf:3    | Identified the +1 trident of an ice cave {protect, rN+
                  | Int+2 SInv}
 70984 | Elf:3    | Identified the +1 scimitar of Springtime {spect, Str-5
                  | Dex+5}
 70996 | Elf:3    | Found the +2 cloak of the Thief {*Fog Slay-2 SInv Stlth+}
 71013 | Elf:3    | Got the Parchment of Sinister Magic and Permutations
 71022 | Elf:3    | Identified the +5 ring mail "Osuv" {rF+ Dex+3}
 71025 | Elf:3    | Identified the staff of earth "Itiuni" {Dex+2}
 71037 | Elf:3    | Identified the +0 chain mail "Kegul" {Int+3 Stlth+}
 71614 | Depths:2 | Voluntarily entered the Abyss.
 71730 | Abyss:3  | Found a corrupted altar of Lugonu.
 71760 | Abyss:3  | Found a sparkling altar of Nemelex Xobeh.
 71855 | Abyss:4  | Found a corrupted altar of Lugonu.
 71985 | Abyss:5  | Reached skill level 15 in Armour
 71996 | Abyss:5  | Found a corrupted altar of Lugonu.
 72066 | Abyss:5  | Noticed an ancient lich
 72074 | Abyss:5  | Killed an ancient lich
 72151 | Abyss:5  | Found a corrupted altar of Lugonu.
 72203 | Abyss:5  | Found a glowing golden altar of the Shining One.
 72259 | Abyss:5  | Noticed a juggernaut
 72260 | Abyss:5  | Killed a juggernaut
 72261 | Abyss:5  | Reached XP level 26. HP: 136/254 MP: 30/30
 72263 | Abyss:5  | Got an abyssal rune of Zot
 72267 | Abyss:5  | Found a glowing golden altar of the Shining One.
 72334 | Abyss:5  | Noticed a dread lich
 72348 | Abyss:5  | Killed a dread lich
 72356 | Depths:2 | Escaped the Abyss
 72757 | Slime:1  | Entered Level 1 of the Pits of Slime
 72763 | Slime:1  | Reached skill level 24 in Fighting
 72930 | Slime:4  | Gained mutation: Your body sometimes deteriorates upon
                  | taking damage. [a shining eye]
 72979 | Slime:5  | Entered Level 5 of the Pits of Slime
 73305 | Slime:5  | Found a viscous altar of Jiyva.
 73305 | Slime:5  | Noticed the Royal Jelly
 73345 | Slime:5  | Killed the Royal Jelly
 73367 | Slime:5  | Gained mutation: You are agile. (Dex +4, Str/Int -1) [a
                  | shining eye]
 73521 | Slime:5  | Got a slimy rune of Zot
 73546 | Slime:5  | Identified the +3 scale mail "Bagibi" {rC+ Stlth+}
 73570 | Slime:5  | Got the Monograph on the Forceful Familiar
 73593 | Slime:5  | Lost mutation: You are strong-willed. (Will+) [potion of
                  | mutation]
 73593 | Slime:5  | Lost mutation: You are agile. (Dex +4, Str/Int -1) [potion
                  | of mutation]
 73593 | Slime:5  | Gained mutation: Armour fits poorly on your strangely
                  | shaped body. [potion of mutation]
 73594 | Slime:5  | Lost mutation: Your magical capacity is low. (-10% MP)
                  | [potion of mutation]
 73594 | Slime:5  | Lost mutation: Your mind is acute. (Int +4, Str/Dex -1)
                  | [potion of mutation]
 73594 | Slime:5  | Lost mutation: Your body sometimes deteriorates upon taking
                  | damage. [potion of mutation]
 73594 | Slime:5  | Gained mutation: Your spells are a little easier to cast,
                  | but a little less powerful. [potion of mutation]
 73594 | Slime:5  | Gained mutation: You have large cloven feet. [potion of
                  | mutation]
 73595 | Slime:5  | Lost mutation: You have large cloven feet. [potion of
                  | mutation]
 73595 | Slime:5  | Lost mutation: Armour fits poorly on your strangely shaped
                  | body. [potion of mutation]
 73595 | Slime:5  | Gained mutation: Your flesh is heat resistant. (rF+)
                  | [potion of mutation]
 73595 | Slime:5  | Gained mutation: You are strong-willed. (Will+) [potion of
                  | mutation]
 73595 | Slime:5  | Gained mutation: You are agile. (Dex +4, Str/Int -1)
                  | [potion of mutation]
 73598 | Slime:5  | Got Cigotuvi's Cyclopedia of Mutated Unhallowed Acts
 73603 | Slime:5  | Identified the +0 rapier "Jaeps" {venom, rPois Str+4 Dex+2}
 74250 | Zig:1    | Entered Level 1 of a ziggurat
 74271 | Zig:2    | Entered Level 2 of a ziggurat
 74281 | Zig:2    | Identified the ring "Zemir" {Str+6 Int+3}
 74288 | Zig:3    | Entered Level 3 of a ziggurat
 74552 | Zot:1    | Entered Level 1 of the Realm of Zot
 74825 | Zot:3    | Identified the amulet "Xiahybb" {Faith rPois}
 75026 | Zot:2    | Identified the +5 rapier of Haots {venom, rF+ rCorr Str+6
                  | Int-3}
 75366 | Zot:2    | Reached skill level 25 in Fighting
 75561 | Zot:3    | Noticed a dread lich
 75563 | Zot:3    | Found a transporter.
 75572 | Zot:3    | Found a radiant altar of Vehumet.
 75603 | Zot:3    | Noticed an orb of fire
 75622 | Zot:3    | Killed an orb of fire
 77199 | Zot:4    | Found the +6 shillelagh "Devastator" {shatter}
 77233 | Zot:5    | Entered Level 5 of the Realm of Zot
 77673 | Zot:5    | Reached XP level 27. HP: 155/267 MP: 33/33
 77978 | Zot:5    | Noticed an orb of fire
 78890 | Zot:5    | Noticed a dread lich
 78906 | Zot:5    | Killed a dread lich
 78949 | Zot:5    | Noticed a dread lich
 78984 | Zot:5    | Killed a dread lich
 78985 | Zot:5    | Reached skill level 26 in Fighting
 79079 | Zot:5    | Got the Orb of Zot
 79375 | D:14     | Gained mutation: You are occasionally teleported next to
                  | monsters. [a cacodemon]
 79378 | D:14     | Gained mutation: You are frail. (-10% HP) [a cacodemon]
 79380 | D:14     | Lost mutation: Your flesh is heat resistant. (rF+) [potion
                  | of mutation]
 79380 | D:14     | Lost mutation: You are frail. (-10% HP) [potion of
                  | mutation]
 79380 | D:14     | Lost mutation: You are agile. (Dex +4, Str/Int -1) [potion
                  | of mutation]
 79380 | D:14     | Gained mutation: Your system is resistant to poisons.
                  | (rPois) [potion of mutation]
 79380 | D:14     | Gained mutation: You occasionally shout uncontrollably at
                  | your foes. [potion of mutation]
 79380 | D:14     | Gained mutation: You are partially covered in iridescent
                  | scales. (AC +2) [potion of mutation]
 79381 | D:14     | Lost mutation: Your spells are a little easier to cast, but
                  | a little less powerful. [potion of mutation]
 79381 | D:14     | Lost mutation: You are strong-willed. (Will+) [potion of
                  | mutation]
 79381 | D:14     | Lost mutation: You are partially covered in iridescent
                  | scales. (AC +2) [potion of mutation]
 79381 | D:14     | Gained mutation: You occasionally lose the ability to read
                  | scrolls when taking damage. [potion of mutation]
 79381 | D:14     | Gained mutation: Your mind is acute. (Int +4, Str/Dex -1)
                  | [potion of mutation]
 79381 | D:14     | Gained mutation: You have sharp fingernails. [potion of
                  | mutation]
 79382 | D:14     | Lost mutation: Your mind is acute. (Int +4, Str/Dex -1)
                  | [potion of mutation]
 79382 | D:14     | Lost mutation: Your system is resistant to poisons. (rPois)
                  | [potion of mutation]
 79382 | D:14     | Lost mutation: You occasionally lose the ability to read
                  | scrolls when taking damage. [potion of mutation]
 79382 | D:14     | Gained mutation: Your system is resistant to poisons.
                  | (rPois) [potion of mutation]
 79382 | D:14     | Lost mutation: You occasionally shout uncontrollably at
                  | your foes. [potion of mutation]
 79488 | D:10     | Noticed Kelownig the pandemonium lord
 79510 | D:9      | Noticed Ihiussi the pandemonium lord
 79536 | D:9      | Killed Ihiussi the pandemonium lord
 79669 | D:2      | Noticed Iciut the pandemonium lord
 79690 | D:2      | Killed Iciut the pandemonium lord
 79748 | D:1      | Noticed Voyfer the pandemonium lord
 79754 | D:$      | Escaped with the Orb!

Illustrated notes

Levels and vault maps discovered:
D:1:      wander_arrival_estate, layout_basic, glass_columns_c,
          minmay_split_cup_small
D:2:      layout_basic, amethyst_killhole, minmay_misc_feat_columns,
          minmay_door_square
D:3:      minmay_spotlight, layout_basic
D:4:      layout_basic, portal_sewer_entry_f, nicolae_ossuary_entry_ruins,
          minmay_misc_feat_encased, minmay_rat_hole
D:5:      layout_basic, slow_altar_2, chequers_temple_overflow_statue_of_worship
D:6:      layout_rooms, lemuel_round_altar, tgw_kikubaaqudgha,
          minmay_temple_entry_hall, serial_bayou_pond_c,
          kennysheep_small_square, uniq_crazy_yiuf_cottage
D:7:      layout_cave_pods, uniq_joseph
D:8:      layout_basic, mainiacjoe_overflow_tiny_flanked,
          mainiacjoe_overflow_24_doors, uniq_erica
D:9:      layout_grid_maze, lair_entry_dummy, gammafunk_ghost_split,
          nrook_uturn, nicolae_blasting_shop, disabler_island, uniq_pikel,
          uniq_harold
D:10:     layout_gridville, minmay_lindwurm_lava, uniq_urug
D:11:     layout_rooms, kennysheep_orc_monster_closet_entryway, uniq_grum
D:12:     layout_basic, uniq_psyche
D:13:     layout_cross, skrybe_vaults_entry_preservation,
          nicolae_shop_i_like_small_books_too
D:14:     layout_basic, bloody_makhleb, nicolae_concentric_dashed_squares_mild,
          minmay_misc_feat_cross
D:15:     gammafunk_depths_entry_grave, layout_rooms, hangedman_decor_lopped
Temple:   bh_familiar_temple
Lair:1:   layout_cave_pods, nicolae_lair_grazing_beasts
          [nicolae_sub_lair_graze_edge, nicolae_sub_lair_graze_edge,
          nicolae_sub_lair_graze_edge, nicolae_sub_lair_graze_edge]
Lair:2:   layout_roguey, swamp_mist, nicolae_spider_entry_non_spiders,
          gammafunk_ghost_berserking_beasts, serial_bayou_shore_b
Lair:3:   layout_cave_pods, gauntlet_entry_generic
Lair:4:   layout_cave_pods, minmay_slime_entry_pillars
Lair:5:   due_jungle_book, layout_regular_city, lemuel_oklob_altar,
          grunt_megastairs_3
Swamp:1:  layout_basic_swamp, evilmike_swamp_ruin_house_6, swamp_pool1
Swamp:2:  layout_basic_swamp, evilmike_swamp_ruin_rubble_1
Swamp:3:  layout_basic_swamp, evilmike_swamp_ruin_house_4
Swamp:4:  swamp_alternative, layout_basic_swamp
Spider:1: layout_spider_delve
Spider:2: layout_spider_delve, portal_ice_cave_entry_ice_statue_one,
          uniq_arachne
Spider:3: nicolae_spider_obnoxious_hallway, hellmonk_watch_for_rolling_rocks,
          uniq_roxanne, uniq_agnes
Spider:4: hellmonk_spider_rune_endless_swarm, uniq_mlioglotl
Slime:1:  layout_caves
Slime:2:  cheibrodos_slime_lost_civilization_10, layout_caves
Slime:3:  layout_caves
Slime:4:  layout_caves
Slime:5
Orc:1:    layout_diamond_mine, led_sif_book, uniq_gastronok
Orc:2:    grunt_orc_cross, layout_caves, basic_altar, serial_shops,
          nicolae_shop_real_fake_doors
Elf:1:    layout_onion_city, serial_shops, shop, minmay_elf_necromancy
Elf:2:    nicolae_elf_blades_splatter_lattice
          [nicolae_blade_entry_splitting_headache], layout_loops_cross,
          serial_shops, nicolae_square_shop
Elf:3:    minmay_elf_hall_quartered_circle, layout_geoelf_castle, serial_shops,
          nicolae_shop_window_shopping, st_stairs_2, nicolae_elf_m_pinch
Vaults:1: v_rooms_5, nicolae_vaults_what_the_h, vaults_room_octagon,
          hangedman_vaults_slice, nicolae_vaults_shipping_containers_3,
          ontoclasm_vaults_loading_screen, nicolae_vaults_rhombus_5, v_misc_19,
          vaults_room_grid, v_alt_pattern_2, v_misc_10, vaults_dpeg_hooks,
          nicolae_vaults_closet_pinwheel_4, vaults_room_door_ring,
          layout_vaults_omnicross, uniq_zenata
Vaults:2: vaults_room_semicircle, v_pattern_2, hangedman_vaults_cutoff,
          nicolae_vaults_house_1, nicolae_vaults_offset_grid_hallway_3,
          nicolae_vaults_wrenched, hangedman_vaults_nails,
          vaults_mumra_bighexcomb, nicolae_vaults_heist, layout_vaults_quadrants
Vaults:3: v_pattern_5, minmay_crypt_entry_simple_sparse, st_lines,
          nicolae_vaults_trapezoid_2, nicolae_vaults_prndl,
          nicolae_vaults_network_s, nicolae_vaults_more_shelving_1,
          nicolae_vaults_specimen_jars, nicolae_vaults_three_branches,
          hangedman_vaults_impose, nicolae_vaults_storage_closets_3,
          nicolae_vaults_meiosis, ontoclasm_vaults_idyll, layout_vaults_ring,
          uniq_asterion
Vaults:4: infiniplex_enter_wizlab_glasses, nicolae_vaults_surprise_closet,
          nicolae_vaults_ring_of_whatevers,
          nicolae_vaults_offset_grid_hallway_3, nicolae_vaults_fighting_squares,
          layout_vaults_chaotic_city, serial_shops, nicolae_shop_rolled_up
Vaults:5: serial_shops, uniq_sojobo
Crypt:1:  layout_gridlike, st_stairs_11
Crypt:2:  layout_regular_city, roderic_lattice_octagonal_star, uniq_margery
Crypt:3:  due_elkab, layout_chaotic_city, nicolae_tomb_entry_rubble_hallway,
          hangedman_summoners_spam, uniq_frederick, uniq_grunn, uniq_saint_roka
Depths:1: layout_small_grid, serial_shops, shop, hell_entry, serial_glass,
          glass_columns_c, glass_columns_a, rand_demon_pan_entry_9, drop_trap,
          nicolae_sextant, grunt_ministairs_6, horrible_house_mu
Depths:2: minmay_diamond_stairs, layout_gridlike, hell_entry, pan_entry,
          nemelex_xobeh_ov_fountains_minmay, abyss_entry
Depths:3: gammafunk_sealed_arena, layout_small_grid, ebering_ghost_rock_garden,
          hangedman_tar_grid_catacomb, amcnicky_mini_pool_small, abyss_entry,
          infiniplex_staircase_pool_2
Depths:4: evilmike_zot_entry_hall, layout_gridlike, ziggurat_fallback,
          grunt_hell_entry_dis_mu, rand_demon_pan_entry_5, nrook_campfire,
          serial_shops, freezing_bzr, nicolae_trove_entry_diagonal,
          grunt_ministairs_10
Zot:1:    kennysheep_blocky_hall, layout_basic
Zot:2:    layout_misc_corridors
Zot:3:    gammafunk_sealed_library, layout_gridlike
Zot:4:    layout_basic
Zot:5:    layout_misc_corridors

Skill      XL: |  1  2  3  4  5  6  7  8  9 10 11 12 13 14 15 16 17 18 19 20 21 22 23 24 25 26 27 |
---------------+----------------------------------------------------------------------------------+-----
Armour         | 1 2 3 4 6 8 10 12 15 18 19 | 19.7
Axes           | 4 5 |  5.5
Fighting       | 3 4 5 7 8 10 11 12 13 14 16 17 18 19 20 21 22 23 25 26 | 26.4
Dodging        | 3 4 5 6 7 9 10 11 12 13 14 15 16 17 18 | 18.3
Maces & Flails | 3 5 6 8 10 11 12 14 15 16 17 | 17.8
Stealth        | 1 3 4 6 7 8 9 10 11 12 13 14 15 16 18 19 | 19.3
Invocations    | 2 4 6 7 8 10 11 12 13 14 15 | 15.9
Necromancy     | 4 9 11 | 11.3
Ice Magic      | 4 9 10 | 10.2
Spellcasting   | 3 4 5 |  5.1
Shields        | 10 15 | 15.0
Summonings     | 8 9 |  9.9
Poison Magic   | 14 | 14.7
Conjurations   | |  2.1

Action                     |  1- 3 |  4- 6 |  7- 9 | 10-12 | 13-15 | 16-18 | 19-21 | 22-24 | 25-27 || total
---------------------------+-------+-------+-------+-------+-------+-------+-------+-------+-------++-------
  Melee: Hand axe          |    65 |   215 |       |       |       |       |       |       |       ||   280
         Headbutt          |     8 |    23 |    28 |    89 |   212 |   229 |   421 |   290 |   488 ||  1788
         Punch             |       |     1 |       |     6 |    15 |    18 |    25 |       |       ||    65
         Flail             |       |    29 |   198 |   156 |       |       |       |       |       ||   383
         Eveningstar       |       |       |       |   365 |   783 |  1026 |  1342 |   906 |  1377 ||  5799
  Throw: Throwing net      |       |       |     1 |     8 |       |       |       |       |       ||     9
         Dart              |       |       |       |     2 |       |       |       |       |       ||     2
   Cast: Frozen Ramparts   |       |       |       |       |       |       |    29 |    13 |    38 ||    80
         Apportation       |       |       |       |       |       |       |       |     1 |       ||     1
         Passwall          |       |       |       |       |       |       |       |       |     3 ||     3
         Dispel Undead     |       |       |       |       |       |       |       |       |     1 ||     1
 Invoke: Shadow Step       |       |       |       |       |       |     1 |       |       |     1 ||     2
  Evoke: Wand              |       |     3 |     1 |    28 |    14 |     5 |       |     4 |    15 ||    70
         Condenser vane    |       |       |       |       |     1 |     2 |     1 |     1 |     3 ||     8
         Phantom mirror    |       |       |       |       |       |       |       |       |     1 ||     1
    Use: Scroll            |     3 |     8 |     5 |    17 |    16 |    16 |    20 |    15 |    19 ||   119
         Potion            |       |     4 |     3 |    17 |     7 |    10 |    16 |    12 |    30 ||    99
   Stab: Sleeping          |       |       |     4 |     6 |    90 |   144 |    80 |    72 |    51 ||   447
         Held in net/web   |       |       |     2 |     2 |       |       |       |       |       ||     4
         Paralysed         |       |       |       |     9 |       |       |       |       |       ||     9
         Distracted        |       |       |       |       |    10 |    29 |    50 |    27 |    68 ||   184
         Invisible         |       |       |       |       |     2 |       |     3 |    20 |    16 ||    41
         Confused          |       |       |       |       |       |       |       |       |     1 ||     1
 Armour: Leather armour    |    30 |    12 |       |       |   151 |   263 |       |       |       ||   456
         Skin              |       |    53 |       |    40 |       |     1 |       |       |       ||    94
         Scale mail        |       |   103 |    76 |   191 |   101 |       |       |       |       ||   471
         Robe              |       |       |    58 |       |       |       |       |       |       ||    58
         Ring mail         |       |       |       |       |       |   149 |   449 |   127 |   179 ||   904
  Dodge: Dodged            |    48 |   140 |   170 |   330 |   557 |   802 |   774 |   457 |   651 ||  3929
  Block: Kite shield       |       |       |       |       |       |       |   223 |   633 |   833 ||  1689
